 Dungeon Crawl Stone Soup version 0.28-a0-8-g6e044cf (webtiles) character file.

Game seed: 16819236977506853659

180 MrTaco21 the Cudgeller (level 5, -3/32 HPs)
             Began as a Gargoyle Fighter on July 24, 2021.
             Slain by a scorpion (4 damage)
             ... on level 3 of the Dungeon.
             The game lasted 00:04:23 (5111 turns).

MrTaco21 the Cudgeller (Gargoyle Fighter)           Turns: 5111, Time: 00:04:24

Health: -3/32      AC: 10    Str: 20    XL:     5   Next: 60%
Magic:  5/5        EV:  7    Int:  9    God:
Gold:   102        SH:  9    Dex:  9    Spells: 4/4 levels left

rFire   . . .      SeeInvis .   a - +0 flail
rCold   . . .      Faith    .   c - +0 kite shield
rNeg    + . .      Spirit   .   b - +0 scale mail
rPois   ∞          Reflect  .   (no helmet)
rElec   +          Harm     .   (no cloak)
rCorr   .          Rampage  .   (no gloves)
Will    .....                   (no boots)
Stlth   ..........              (no amulet)
HPRegen 0.10/turn               (no ring)
MPRegen 0.09/turn               (no ring)

@: no status effects
A: sickness immunity, AC +4, negative energy resistance 1, electricity
resistance, torment resistance 1, petrification resistance
a: no special abilities


You were on level 3 of the Dungeon.
You visited 1 branch of the dungeon, and saw 4 of its levels.

You collected 102 gold pieces.

Inventory:

Hand Weapons
 a - a +0 flail (weapon)
Missiles
 g - 38 poisoned darts (quivered)
Armour
 b - a +0 scale mail (worn)
 c - a +0 kite shield (worn)
Scrolls
 e - 2 scrolls of teleportation {unknown}
 f - a scroll of immolation {unknown}
 i - a scroll of blinking {unknown}
 j - a scroll of identify {unknown}
 l - a scroll of magic mapping {unknown}
 n - a scroll of enchant armour {unknown}
 o - a scroll of fear {unknown}
Potions
 d - a potion of might
 h - 2 potions of mutation {unknown}
 k - a potion of flight {unknown}
 m - a potion of attraction {unknown}


   Skills:
 - Level 3.2 Fighting
 + Level 5.6 Maces & Flails
 - Level 3.2 Armour
 - Level 3.2 Shields


You had 4 spell levels left.
You didn't know any spells.
Your spell library contained the following spells:

 Spells                   Type           Power      Damage    Failure   Level
 Wereblood                Tmut           0%         N/A       100%        2
 Gell's Gravitas          Tloc           0%         N/A       100%        3
 Lesser Beckoning         Tloc           0%         N/A       100%        3
 Teleport Other           Tloc           0%         N/A       100%        3
 Summon Hydra             Summ           0%         N/A       100%        7
 Sublimation of Blood     Necr           Unusable   N/A       N/A         2

Dungeon Overview and Level Annotations

Branches:
Dungeon (4/15)
 Temple: D:4-7

Altars:


Innate Abilities, Weirdness & Mutations

You are immune to sickness and miasma.
Your stone body is resilient. (AC +4)
You are immune to poison.
You resist negative energy. (rN+)
You are resistant to electric shocks. (rElec)
You are resistant to unholy torment.
You are immune to petrification.


Message History

You now have 102 gold pieces (gained 16).
Found 13 gold pieces.
A scorpion comes into view.
Found a scroll labelled IMOFRI CURA.
A scorpion is nearby!
A scorpion is nearby!
An iguana comes into view.
The iguana hisses angrily.
You barely miss the scorpion.
The scorpion stings you but does no damage.
The scorpion stings you.
You hit the scorpion. The scorpion barely misses you.
The scorpion stings you but does no damage.
You hit the scorpion.
The scorpion stings you but does no damage.
You barely miss the scorpion. The scorpion stings you. x2
You closely miss the scorpion. You block the scorpion's attack.
The iguana bites you!
* * * LOW HITPOINT WARNING * * *
You block the iguana's attack. The scorpion closely misses you.
The scorpion stings you.
* * * LOW HITPOINT WARNING * * *
You block the scorpion's attack. You block the scorpion's attack.
The scorpion stings you but does no damage.
You see here a +0 club.
You block the scorpion's attack. You block the scorpion's attack.
The scorpion stings you but does no damage.
Things that are here:
a +2 vorpal spear; a gnoll skeleton The scorpion closely misses you.
There is a stone staircase leading up here.
You block the scorpion's attack.
You climb upwards.
There is a stone staircase leading down here.
You hit the scorpion. You block the scorpion's attack.
The scorpion stings you but does no damage.
You closely miss the scorpion. The scorpion stings you!
* * * LOW HITPOINT WARNING * * *
You hit the scorpion but do no damage. You block the scorpion's attack.
The scorpion stings you but does no damage.
Unknown command.
You closely miss the scorpion. You block the scorpion's attack.
The scorpion stings you.
* * * LOW HITPOINT WARNING * * *
You barely miss the scorpion. The scorpion stings you.
* * * LOW HITPOINT WARNING * * *
You hit the scorpion. The scorpion stings you.
You die...

#.# #..............<..#
#.###.######..........#
#...........###########
###########.##################
#.#.............#...
#.#.########.......# #.#.#
#.#####.# #.#)# ####.# #.#
#.#@# #....# #.#
#.#s#####.##.# #.#
#.........##.#####.#
###.########.......#
#.###########.####
#.............# #
###############


You could see a scorpion.

Vanquished Creatures
  An orc priest (D:3)
  4 gnolls
  6 adders
  2 dart slugs (D:2)
  5 orcs
  4 ball pythons
  5 endoplasms
  A giant cockroach (D:1)
  4 goblins
  4 hobgoblins
  2 jackals (D:3)
  A quokka (D:2)
  4 bats (D:2)
  2 frilled lizards
  2 kobolds
  A quokka skeleton (D:4)
  4 rats
52 creatures vanquished.

Notes
Turn   | Place    | Note
-------+----------+-------------------------------------------
     0 | D:1      | MrTaco21 the Gargoyle Fighter began the quest for the Orb.
     0 | D:1      | Reached XP level 1. HP: 14/14 MP: 1/1
   171 | D:1      | Found a faded altar of an unknown god.
   215 | D:1      | Reached XP level 2. HP: 9/19 MP: 2/2
   831 | D:1      | Reached skill level 3 in Maces & Flails
  1268 | D:1      | Found a faded altar of an unknown god.
  1723 | D:2      | Reached XP level 3. HP: 23/23 MP: 3/3
  1970 | D:2      | Reached skill level 4 in Maces & Flails
  1988 | D:2      | Reached XP level 4. HP: 20/28 MP: 4/4
  3102 | D:3      | Reached skill level 5 in Maces & Flails
  3102 | D:3      | Reached XP level 5. HP: 28/32 MP: 5/5
  5110 | D:3      | HP: 1/32 [scorpion (5)]
  5111 | D:3      | Slain by a scorpion

Illustrated notes

Levels and vault maps discovered:
D:1:      dpeg_arrival_simpleton_c, layout_basic, ebering_ecumenical_altar_rust,
          minmay_pentomino_q4
D:2:      layout_rooms
D:3:      layout_loops_ring, nrook_loot_triangle
D:4:      layout_basic

Skill      XL: |  1  2  3  4 |
---------------+-------------+-----
Maces & Flails | 3 4 5 |  5.6
Fighting       | |  3.2
Armour         | |  3.2
Shields        | |  3.2

Action                   |  1- 3 |  4- 6 || total
-------------------------+-------+-------++-------
Melee: Flail             |    96 |   146 ||   242
Throw: Dart              |       |     3 ||     3
Armor: Scale mail        |    67 |    77 ||   144
Dodge: Dodged            |    43 |    53 ||    96
Block: Kite shield       |    53 |   103 ||   156

Table legend: (Time is in decaauts)
 A = Elapsed time spent in this place.
 B = Non-inter-level travel time spent in this place.
 C = Inter-level travel time spent in this place.
 D = Time resting spent in this place.
 E = Time spent auto-exploring this place.
 F = Levels seen in this place.
 G = Mean time per level.
                   A        B        C        D        E       F      G
               +--------+--------+--------+--------+--------+-----+--------+
         Total |   5222 |   4842 |    380 |    919 |   3279 |   4 | 1305.5 |
       Dungeon |   5222 |   4842 |    380 |    919 |   3279 |   4 | 1305.5 |
               +--------+--------+--------+--------+--------+-----+--------+

Top non-repeatable levels by time:
     D:3: 2139 daAuts
     D:1: 1691 daAuts
     D:2: 1008 daAuts
     D:4: 382 daAuts
